MID
LAKEWOOD BLUECLAWS @ WEST VIRGINIA POWER
09/08/2049
 
TOP OF THE 1ST
Lakewood BlueClaws batting - Pitching for West Virginia Power : RHP Sam Wilson
Pitching: RHP Sam Wilson
Batting: LHB Jonathan Roman 0-0: Foul Ball, location: 2F
0-1: Ball
1-1: Foul Ball, location: 2F
1-2: Ground out 5-3 (Groundball, 56, EV 89.4 MPH)
Batting: SHB Steve DeRienzo 0-0: Called Strike
0-1: Ball
1-1: Ball
2-1: Ball
3-1: Base on Balls
Batting: RHB Alan Weller 0-0: Ball
1-0: Ball
2-0: Ball
3-0: Base on Balls
Steve DeRienzo to second
Batting: LHB Josh George 0-0: Ball
1-0: Called Strike
1-1: Called Strike
1-2: Foul Ball, location: 2F
1-2: Ball
2-2: Ball
3-2: Base on Balls
Steve DeRienzo to third
Alan Weller to second
Batting: RHB Mike Maserang 0-0: Called Strike
0-1: Ball
1-1: Ball
2-1: Foul Ball, location: 2F
2-2: Foul Ball, location: 2F
2-2: Ball
3-2: Foul Ball, location: 2F
3-2: SINGLE (Groundball, 6MD, EV 106.2 MPH)
Steve DeRienzo scores
Alan Weller to third
Josh George to second
Runner from 3rd tries for Home, SAFE, throw by CF to home
Josh George to third
Mike Maserang to second
Batting: LHB Eric Farren 0-0: Swinging Strike
0-1: Ball
1-1: Fly out, F9 (Flyball, 9, EV 96.9 MPH)
Runner from 3rd tags up, SCORES, throw by RF
Batting: RHB Kyle Reilly 0-0: Called Strike
0-1: Swinging Strike
0-2: Strikes out looking
Top of the 1st over - 3 runs, 1 hit, 0 errors, 1 left on base; Lakewood 3 - West Virginia 0
BOTTOM OF THE 1ST
West Virginia Power batting - Pitching for Lakewood BlueClaws : RHP Si-dao Xia
Pitching: RHP Si-dao Xia
Batting: RHB John Savard 0-0: Foul Ball, location: 2F
0-1: Called Strike
0-2: Ball
1-2: Ball
2-2: Foul Ball, location: 2F
2-2: Ball
3-2: Strikes out looking and he ARGUES THE CALL AND IS TOSSED!
Batting: LHB Norm Silveira-Wray 0-0: Ball
1-0: Ground out 6-3 (Groundball, 6, EV 106.9 MPH)
Batting: RHB Hidesuke Yoshida 0-0: Swinging Strike
0-1: Foul Ball, location: 2F
0-2: Ball
1-2: Ball
2-2: Ball
3-2: Foul Ball, location: 2F
3-2: DOUBLE (Line Drive, 78D, EV 101.2 MPH)
Batting: RHB Rusty Trader 0-0: Called Strike
0-1: Ball
1-1: SINGLE (Line Drive, 8LS, EV 103.8 MPH)
Hidesuke Yoshida to third
Runner from 3rd tries for Home, throw by CF and OUT! 8-2
Bottom of the 1st over - 0 runs, 2 hits, 0 errors, 1 left on base; Lakewood 3 - West Virginia 0
TOP OF THE 2ND
Lakewood BlueClaws batting - Pitching for West Virginia Power : RHP Sam Wilson
Now at 2B: Rusty Trader
Now at 3B: Jaime Dubicki
Now in LF: Randy Bergman
Batting: RHB Juan Valadez 0-0: Fly out, F8 (Flyball, 8RD, EV 103.8 MPH)
Batting: RHB Trent Hedrick 0-0: Fly out, F3 (Line Drive, 3, EV 66.9 MPH)
Batting: LHB Jonathan Roman 0-0: Foul Ball, location: 2F
0-1: Ball
1-1: Swinging Strike
1-2: Ball
2-2: Ball
3-2: Foul Ball, location: 2F
3-2: Base on Balls
Batting: SHB Steve DeRienzo 0-0: Foul Ball, location: 2F
0-1: Ball
Jonathan Roman steals 2nd base (no throw)
1-1: Swinging Strike
1-2: Ground out 4-3 (Groundball, 34, EV 95.6 MPH)
Top of the 2nd over - 0 runs, 0 hits, 0 errors, 1 left on base; Lakewood 3 - West Virginia 0
BOTTOM OF THE 2ND
West Virginia Power batting - Pitching for Lakewood BlueClaws : RHP Si-dao Xia
Batting: RHB Gary Ming 0-0: Called Strike
0-1: Foul Ball, location: 2F
0-2: SINGLE (Groundball, 6MD, EV 93.8 MPH)
Batting: RHB Ryan LeSueur 0-0: Called Strike
0-1: Foul Ball, location: 2F
0-2: Fielders Choice at 2nd, 6-4 (Groundball, 6, EV 85.0 MPH)
Batting: RHB Jaime Dubicki 0-0: Foul Ball, location: 2F
0-1: Ball
Ryan LeSueur steals 2nd, throwing error, E2
Ryan LeSueur to third
1-1: Ball
2-1: Ball
3-1: Base on Balls
Batting: RHB Herbert Loveless 0-0: Called Strike
0-1: Reached on error, E5 (Groundball, 56, EV 80.6 MPH)
Ryan LeSueur scores
Jaime Dubicki to second
Batting: RHB Hugo Montemayor 0-0: Foul Ball, location: 2F
0-1: Ball
1-1: Ball
2-1: Fly out, F8 (Flyball, 78D, EV 103.1 MPH)
Batting: RHB Randy Bergman 0-0: Ball
1-0: Ball
2-0: Foul Ball, location: 2F
2-1: DOUBLE (Line Drive, 7LM, EV 102.5 MPH)
Jaime Dubicki scores
Herbert Loveless to third
Runner from 3rd tries for Home, SAFE, no throw by LF
Batting: LHB Norm Silveira-Wray 0-0: Ball
1-0: Called Strike
1-1: Foul Ball, location: 2F
1-2: Foul Ball, location: 2F
1-2: Ball
2-2: Ball
3-2: SINGLE (Line Drive, 34D, EV 98.1 MPH)
Randy Bergman to third
Runner from 3rd tries for Home, throw by RF and OUT! 9-2
Bottom of the 2nd over - 3 runs, 3 hits, 2 errors, 1 left on base; Lakewood 3 - West Virginia 3
TOP OF THE 3RD
Lakewood BlueClaws batting - Pitching for West Virginia Power : RHP Sam Wilson
Batting: RHB Alan Weller 0-0: Ball
1-0: Ball
2-0: Ball
3-0: Called Strike
3-1: Foul Ball, location: 2F
3-2: Fly out, F8 (Line Drive, 8RM, EV 98.8 MPH)
Batting: LHB Josh George 0-0: Foul Ball, location: 2F
0-1: Ball
1-1: Fly out, F9 (Line Drive, 89D, EV 104.4 MPH)
Batting: RHB Mike Maserang 0-0: Called Strike
0-1: Swinging Strike
0-2: Ball
1-2: Foul Ball, location: 2F
1-2: Ball
2-2: Foul Ball, location: 2F
2-2: Strikes out swinging
Top of the 3rd over - 0 runs, 0 hits, 0 errors, 0 left on base; Lakewood 3 - West Virginia 3
BOTTOM OF THE 3RD
West Virginia Power batting - Pitching for Lakewood BlueClaws : RHP Si-dao Xia
Batting: RHB Hidesuke Yoshida 0-0: Ball
1-0: Ground out 6-3 (Groundball, 6, EV 88.1 MPH)
Batting: RHB Rusty Trader 0-0: Ball
1-0: Ball
2-0: Called Strike
2-1: Called Strike
2-2: Ball
3-2: SINGLE (Groundball, 4MD, EV 95.0 MPH) (infield hit)
Batting: RHB Gary Ming 0-0: Ball
1-0: Swinging Strike
1-1: SINGLE (Groundball, 6M, EV 93.8 MPH)
Rusty Trader to second
Batting: RHB Ryan LeSueur 0-0: Foul Ball, location: 2F
0-1: Ball
Wild Pitch!
Rusty Trader to third
Gary Ming to second
1-1: Foul Ball, location: 2F
1-2: Ball
2-2: Ball
3-2: Fly out, F8 (Flyball, 78M, EV 80.6 MPH)
Batting: RHB Jaime Dubicki 0-0: Foul Ball, location: 2F
0-1: Swinging Strike
0-2: Ball
1-2: Fly out, F4 (Line Drive, 4M, EV 76.2 MPH)
Bottom of the 3rd over - 0 runs, 2 hits, 0 errors, 2 left on base; Lakewood 3 - West Virginia 3
TOP OF THE 4TH
Lakewood BlueClaws batting - Pitching for West Virginia Power : RHP Sam Wilson
Batting: LHB Eric Farren 0-0: Ball
1-0: Swinging Strike
1-1: Called Strike
1-2: Ball
2-2: Strikes out swinging
Batting: RHB Kyle Reilly 0-0: Foul Ball, location: 2F
0-1: Foul Ball, location: 2F
0-2: Foul Ball, location: 2F
0-2: Foul Ball, location: 2F
0-2: Ball
1-2: Ball
2-2: SINGLE (Line Drive, 89S, EV 86.9 MPH)
Batting: RHB Juan Valadez 0-0: Foul Ball, location: 2F
0-1: DOUBLE (Line Drive, 9LD, EV 104.4 MPH)
Kyle Reilly to third
Batting: RHB Trent Hedrick 0-0: Ball
1-0: Foul Ball, location: 2F
1-1: Swinging Strike
1-2: Ball
2-2: Ball
3-2: Foul Ball, location: 2F
3-2: Base on Balls
Batting: LHB Jonathan Roman 0-0: Ball
1-0: Ball
2-0: Swinging Strike
2-1: Swinging Strike
2-2: Strikes out swinging
Batting: SHB Steve DeRienzo 0-0: Called Strike
0-1: Ball
Passed Ball!
Kyle Reilly scores
Juan Valadez to third
Trent Hedrick to second
1-1: Ground out 4-3 (Groundball, 4, EV 80.0 MPH)
Top of the 4th over - 1 run, 2 hits, 0 errors, 2 left on base; Lakewood 4 - West Virginia 3
BOTTOM OF THE 4TH
West Virginia Power batting - Pitching for Lakewood BlueClaws : RHP Si-dao Xia
Batting: RHB Herbert Loveless 0-0: Ball
1-0: Called Strike
1-1: Foul Ball, location: 2F
1-2: Ball
2-2: Ball
3-2: Base on Balls
Batting: RHB Hugo Montemayor 0-0: Foul Ball, location: 2F
0-1: Ball
1-1: Ball
2-1: Foul Ball, location: 2F
2-2: Foul Ball, location: 2F
2-2: Foul Ball, location: 2F
2-2: Strikes out looking
Batting: RHB Randy Bergman 0-0: SINGLE (Line Drive, 34D, EV 94.4 MPH)
Herbert Loveless to second
Batting: LHB Norm Silveira-Wray 0-0: Called Strike
0-1: Ball
1-1: Bunted foul
1-2: Ball
2-2: SINGLE (Groundball, 6M, EV 97.5 MPH) (infield hit)
Herbert Loveless to third
Randy Bergman to second
Pitching: RHP Alec Guglielmo
Batting: RHB Hidesuke Yoshida 0-0: SINGLE (Groundball, 6, EV 93.8 MPH)
Herbert Loveless scores
Randy Bergman to third
Norm Silveira-Wray to second
Runner from 3rd tries for Home, SAFE, throw by LF to home
Batting: RHB Rusty Trader 0-0: SINGLE (Flyball, 89S, EV 91.9 MPH)
Norm Silveira-Wray to third
Hidesuke Yoshida to second
Pitching: LHP Cesar Andrade
Batting: RHB Gary Ming 0-0: Foul Ball, location: 2F
0-1: Foul Ball, location: 2F
0-2: Ball
1-2: Ball
2-2: SINGLE (Groundball, 56D, EV 105.6 MPH)
Norm Silveira-Wray scores
Hidesuke Yoshida to third
Rusty Trader to second
Runner from 3rd tries for Home, SAFE, throw by LF to home
Batting: RHB Ryan LeSueur 0-0: Ball
1-0: Called Strike
1-1: Swinging Strike
1-2: Fly out, F7 (Flyball, 7, EV 83.8 MPH)
Batting: RHB Jaime Dubicki 0-0: Called Strike
0-1: Foul Ball, location: 2F
0-2: Fly out, F9 (Flyball, 89M, EV 93.8 MPH)
Bottom of the 4th over - 4 runs, 5 hits, 0 errors, 2 left on base; Lakewood 4 - West Virginia 7
TOP OF THE 5TH
Lakewood BlueClaws batting - Pitching for West Virginia Power : RHP Sam Wilson
Batting: RHB Alan Weller 0-0: Called Strike
0-1: Ball
1-1: Swinging Strike
1-2: Ball
2-2: Strikes out swinging
Batting: LHB Josh George 0-0: Ground out 6-3 (Groundball, 6S, EV 68.8 MPH)
Batting: RHB Mike Maserang 0-0: Ball
1-0: Ball
2-0: SINGLE (Groundball, 56, EV 86.9 MPH) (infield hit)
Batting: LHB Eric Farren 0-0: Swinging Strike
0-1: Swinging Strike
0-2: Ball
1-2: Ball
2-2: Ball
3-2: Strikes out swinging
Top of the 5th over - 0 runs, 1 hit, 0 errors, 1 left on base; Lakewood 4 - West Virginia 7
BOTTOM OF THE 5TH
West Virginia Power batting - Pitching for Lakewood BlueClaws : LHP Cesar Andrade
Batting: RHB Herbert Loveless 0-0: Ball
1-0: Ground out 6-3 (Groundball, 56, EV 113.8 MPH)
Batting: RHB Hugo Montemayor 0-0: Called Strike
0-1: Swinging Strike
0-2: Strikes out swinging
Batting: RHB Randy Bergman 0-0: Ball
1-0: Ball
2-0: Ball
3-0: Base on Balls
Batting: LHB Norm Silveira-Wray 0-0: Called Strike
0-1: Foul Ball, location: 2F
0-2: Foul Ball, location: 2F
0-2: Foul Ball, location: 2F
0-2: Ball
1-2: Ball
2-2: SINGLE (Groundball, 6MD, EV 110.0 MPH)
Randy Bergman to second
Batting: RHB Hidesuke Yoshida 0-0: Swinging Strike
0-1: Ball
1-1: Ball
2-1: Foul Ball, location: 2F
2-2: Foul Ball, location: 2F
2-2: Ball
3-2: Base on Balls
Randy Bergman to third
Norm Silveira-Wray to second
Pitching: RHP Lance Brisson
Batting: RHB Rusty Trader 0-0: Called Strike
0-1: Ball
1-1: Ball
2-1: Ball
3-1: Called Strike
3-2: Foul Ball, location: 2F
3-2: Foul Ball, location: 2F
3-2: Foul Ball, location: 2F
3-2: Strikes out swinging
Bottom of the 5th over - 0 runs, 1 hit, 0 errors, 3 left on base; Lakewood 4 - West Virginia 7
TOP OF THE 6TH
Lakewood BlueClaws batting - Pitching for West Virginia Power : RHP Sam Wilson
Pitching: RHP Hitoshi Yoshihara
Batting: RHB Kyle Reilly 0-0: SINGLE (Groundball, 4MD, EV 95.6 MPH)
Batting: RHB Juan Valadez 0-0: Foul Ball, location: 2F
0-1: Fly out, F8 (Flyball, 8LM, EV 93.1 MPH)
Batting: RHB Trent Hedrick 0-0: Called Strike
0-1: Ball
1-1: Ball
2-1: Called Strike
2-2: Foul Ball, location: 2F
2-2: Ball
3-2: Grounds into double play, 5-4-3 (Groundball, 56, EV 100.6 MPH)
Top of the 6th over - 0 runs, 1 hit, 0 errors, 0 left on base; Lakewood 4 - West Virginia 7
BOTTOM OF THE 6TH
West Virginia Power batting - Pitching for Lakewood BlueClaws : RHP Lance Brisson
Batting: RHB Gary Ming 0-0: Called Strike
0-1: Hit by Pitch
Batting: RHB Ryan LeSueur 0-0: Ball
1-0: Called Strike
1-1: Ball
2-1: Fielders Choice at 2nd, 6-4 (Groundball, 6M, EV 85.6 MPH)
Batting: RHB Jaime Dubicki 0-0: Ball
1-0: Called Strike
1-1: Called Strike
1-2: Grounds into double play, 6-4-3 (Groundball, 6, EV 92.5 MPH)
Bottom of the 6th over - 0 runs, 0 hits, 0 errors, 0 left on base; Lakewood 4 - West Virginia 7
TOP OF THE 7TH
Lakewood BlueClaws batting - Pitching for West Virginia Power : RHP Hitoshi Yoshihara
Batting: LHB Jonathan Roman 0-0: Called Strike
0-1: Foul Ball, location: 2F
0-2: Ball
1-2: Fly out, F8 (Flyball, 8LM, EV 91.2 MPH)
Batting: SHB Steve DeRienzo 0-0: Foul Ball, location: 2F
0-1: Foul Ball, location: 2F
0-2: Ball
1-2: Foul Ball, location: 2F
1-2: Ball
2-2: Ball
3-2: Foul Ball, location: 2F
3-2: Strikes out swinging
Batting: RHB Alan Weller 0-0: SINGLE (Line Drive, 56, EV 102.5 MPH)
Batting: LHB Josh George 0-0: Called Strike
Alan Weller is caught stealing 2nd base 2-6
Top of the 7th over - 0 runs, 1 hit, 0 errors, 0 left on base; Lakewood 4 - West Virginia 7
BOTTOM OF THE 7TH
West Virginia Power batting - Pitching for Lakewood BlueClaws : RHP Lance Brisson
Batting: RHB Herbert Loveless 0-0: Called Strike
0-1: Foul Ball, location: 2F
0-2: Ball
1-2: SOLO HOME RUN (Flyball, 9LD, EV 95.6 MPH), Distance : 354 ft
Batting: RHB Hugo Montemayor 0-0: Foul Ball, location: 2F
0-1: Foul Ball, location: 2F
0-2: Strikes out swinging
Batting: RHB Randy Bergman 0-0: Called Strike
0-1: Swinging Strike
0-2: Strikes out looking
Batting: LHB Norm Silveira-Wray 0-0: Called Strike
0-1: Swinging Strike
0-2: Ball
1-2: Foul Ball, location: 2F
1-2: Ball
2-2: SOLO HOME RUN (Line Drive, 89XD, EV 107.5 MPH), Distance : 419 ft
Batting: RHB Hidesuke Yoshida 0-0: Foul Ball, location: 2F
0-1: Called Strike
0-2: Ground out 5-3 (Groundball, 56, EV 95.6 MPH)
Bottom of the 7th over - 2 runs, 2 hits, 0 errors, 0 left on base; Lakewood 4 - West Virginia 9
TOP OF THE 8TH
Lakewood BlueClaws batting - Pitching for West Virginia Power : RHP Hitoshi Yoshihara
Batting: LHB Josh George 0-0: Ball
1-0: Ball
2-0: Ground out U3 (Groundball, 34, EV 93.8 MPH)
Batting: RHB Mike Maserang 0-0: Ball
1-0: Ball
2-0: Called Strike
2-1: Swinging Strike
2-2: Foul Ball, location: 2F
2-2: Strikes out looking
Batting: LHB Eric Farren 0-0: Ball
1-0: Called Strike
1-1: Ball
2-1: Foul Ball, location: 2F
2-2: Ball
3-2: Strikes out swinging
Top of the 8th over - 0 runs, 0 hits, 0 errors, 0 left on base; Lakewood 4 - West Virginia 9
BOTTOM OF THE 8TH
West Virginia Power batting - Pitching for Lakewood BlueClaws : RHP Lance Brisson
Batting: RHB Rusty Trader 0-0: Ball
1-0: Called Strike
1-1: Ball
2-1: Ball
3-1: Swinging Strike
3-2: Base on Balls
Batting: RHB Gary Ming 0-0: Foul Ball, location: 2F
0-1: Ball
1-1: Ball
2-1: Ball
3-1: Fly out, F8 (Flyball, 8LD, EV 85.0 MPH)
Batting: RHB Ryan LeSueur 0-0: Ball
1-0: Ball
2-0: Foul Ball, location: 2F
2-1: Fly out, F3 (Popup, 3SF, EV 73.8 MPH)
Batting: RHB Jaime Dubicki 0-0: Ball
1-0: Ball
Rusty Trader is caught stealing 2nd base 2-4
Bottom of the 8th over - 0 runs, 0 hits, 0 errors, 0 left on base; Lakewood 4 - West Virginia 9
TOP OF THE 9TH
Lakewood BlueClaws batting - Pitching for West Virginia Power : RHP Hitoshi Yoshihara
Batting: RHB Kyle Reilly 0-0: Ball
1-0: Swinging Strike
1-1: Called Strike
1-2: Ball
2-2: Ground out 5-3 (Groundball, 5S, EV 86.2 MPH)
Batting: RHB Juan Valadez 0-0: Ball
1-0: Ball
2-0: Foul Ball, location: 2F
2-1: Ball
3-1: Base on Balls
Pitching: RHP Cal Abbott
Batting: RHB Trent Hedrick 0-0: Ball
Wild Pitch!
Juan Valadez to second
1-0: Called Strike
1-1: SINGLE (Line Drive, 9S, EV 86.9 MPH)
Juan Valadez to third
Batting: LHB Jonathan Roman 0-0: Called Strike
0-1: Ball
1-1: Swinging Strike
1-2: Ball
2-2: DOUBLE (Flyball, 78D, EV 91.2 MPH)
Juan Valadez scores
Trent Hedrick to third
Batting: SHB Steve DeRienzo 0-0: Swinging Strike
0-1: Ball
1-1: Swinging Strike
1-2: Strikes out looking
Batting: RHB Alan Weller 0-0: Fly out, F8 (Flyball, 8LM, EV 80.0 MPH)
Top of the 9th over - 1 run, 2 hits, 0 errors, 2 left on base; Lakewood 5 - West Virginia 9
Sunday, July 16th , 2023 - OOTP Baseball 24.6 Build 69